 Dungeon Crawl Stone Soup version 0.32-a0-128-g77eb882913 (webtiles) character file.

Game seed: 2712106169453514262

56 Nattfarinn the Changeling (level 3, -2/31 HPs)
             Began as a Naga Shapeshifter on Feb 8, 2024.
             Slain by a gnoll
             ... wielding a +0 spear
              (6 damage)
             ... on level 2 of the Dungeon.
             The game lasted 00:04:08 (1261 turns).

Nattfarinn the Changeling (Naga Shapeshifter)       Turns: 1261, Time: 00:04:08

Health: -2/31      AC:  6    Str: 18    XL:     3   Next: 95%
Magic:  3/3        EV:  9    Int: 10    God:
Gold:   60         SH:  0    Dex: 10    Spells: 2/2 levels left

rFire   . . .        j - +1 dagger (holy)
rCold   . . .        (no shield)
rNeg    . . .        a - +0 animal skin
rPois   +            (helmet currently unavailable)
rElec   .            (cloak currently unavailable)
rCorr   .            (gloves currently unavailable)
SInv    +            (no barding)
Will    .....        (no amulet)
Stlth   +            h - +4 ring of protection
HPRegen 0.25/turn    (no ring)
MPRegen 0.08/turn

%: no passive effects
@: short of breath, beast-form, very slow
A: beast (slay +2), AC +1, large, see invisible, deformed body, poison
resistance, slowness 2, spit poison 1, naga tail 1
a: Spit Poison, Begin Untransformation


You were on level 2 of the Dungeon.
You were a hulking beast.
You visited 1 branch of the dungeon, and saw 2 of its levels.

You collected 60 gold pieces.

Inventory:

Hand Weapons
 j - a +1 dagger of holy wrath (weapon)
Armour
 a - a +0 animal skin (worn)
Magical Staves
 g - a staff of conjuration
Jewellery
 h - a +4 ring of protection (left hand)
Talismans
 c - a beast talisman
 d - a flux talisman
Scrolls
 e - 2 scrolls of butterflies
 f - 2 scrolls of amnesia
 i - 2 scrolls of enchant armour
 m - a scroll of blinking {unknown}
Potions
 n - a potion of might {unknown}


   Skills:
 - Level 1.0 Fighting
 - Level 1.5 Dodging
 - Level 3.0 Unarmed Combat
 + Level 4.5 Shapeshifting


You had 2 spell levels left.
You didn't know any spells.
Your spell library contained the following spells:

 Spells                   Type           Power      Damage    Failure   Level
 Kiss of Death            Conj/Necr      0%         2d5       36%         1
 Blink                    Tloc           0%         N/A       50%         2
 Ensorcelled Hibernation  Hex/Ice        0%         N/A       50%         2
 Lesser Beckoning         Tloc           0%         N/A       50%         2
 Momentum Strike          Conj/Tloc      0%         3d8       50%         2
 Confusing Touch          Hex            0%         N/A       75%         3
 Passwall                 Erth           0%         N/A       75%         3
 Swiftness                Air            0%         N/A       75%         3
 Dispel Undead            Necr           0%         3d6       98%         4


Dungeon Overview and Level Annotations

Branches:
Dungeon (2/15)

Altars:


Innate Abilities, Weirdness & Mutations

You are a hulking beast.
Your limbs bulge with bestial killing power. (Slay +2)
Your serpentine skin is tough. (AC +1)
You have supernaturally acute eyesight. (SInv)
Armour fits poorly on your strangely shaped body.
Your system is resistant to poisons. (rPois)
You cover ground very slowly.
You can spit poison.
You have a snake-like lower body.


Message History

The gnoll hits you but does no damage.
Aiming: Spit Poison (2% risk of failure)
Press: ? - help, Shift-Dir - straight line, f/p - gnoll
Aim: a gnoll, wielding a +0 spear (moderately wounded, 65% to hit)
The splash of poison misses the gnoll.
The gnoll hits you but does no damage.
A giant cockroach comes into view.
The gnoll completely misses you. The gnoll hits you but does no damage.
The gnoll hits you but does no damage.
Your transformation is almost over.
The gnoll hits you but does no damage.
You have got your breath back.
The gnoll hits you but does no damage.
Aiming: Spit Poison (2% risk of failure)
Press: ? - help, Shift-Dir - straight line, f/p - gnoll
Aim: a gnoll, wielding a +0 spear (moderately wounded, 65% to hit)
The splash of poison hits the gnoll.
The gnoll is heavily wounded.
The gnoll hits you from afar with a +0 spear.
Unknown command.
The gnoll hits you but does no damage.
The gnoll hits you from afar with a +0 spear.
* * * LOW HITPOINT WARNING * * *
The gnoll hits you but does no damage. The gnoll hits you but does no damage.
The gnoll hits you but does no damage.
You feel less wooden.
Your +0 animal skin unmelds from your body.
You turn into a hulking beast.
You have got your breath back.
The gnoll closely misses you.
Aiming: Spit Poison (2% risk of failure)
Press: ? - help, Shift-Dir - straight line, f/p - gnoll
Aim: a gnoll, wielding a +0 spear (heavily wounded, 65% to hit)
The splash of poison hits the gnoll.
The gnoll is heavily wounded.
The gnoll hits you from afar with a +0 spear.
* * * LOW HITPOINT WARNING * * *
The gnoll closely misses you. The gnoll hits you with a +0 spear.
You die...

# # # ######### # #>......# #
#...$.#.## #
#..:.....####################
####....†.Bgh................
#.##..#################### #
##.# # #.. # ###g # #. # ..
.# ## #.


You could see a gnoll and a giant cockroach.

Vanquished Creatures
  2 gnolls (D:2)
  A ribbon worm (D:2)
  A ball python (D:1)
  4 endoplasms
  A giant cockroach (D:1)
  A goblin (D:1)
  3 hobgoblins
  2 jackals (D:2)
  3 quokkas (D:1)
  3 bats
  3 frilled lizards
  5 kobolds
  2 rats
31 creatures vanquished.

Notes
Turn   | Place    | Note
-------+----------+-------------------------------------------
     0 | D:1      | Nattfarinn the Naga Shapeshifter began the quest for the
                  | Orb.
     0 | D:1      | Reached XP level 1. HP: 18/18 MP: 1/1
   360 | D:1      | Reached XP level 2. HP: 25/25 MP: 2/2
   912 | D:2      | Reached XP level 3. HP: 31/31 MP: 3/3
   925 | D:2      | Reached skill level 4 in Shapeshifting
  1144 | D:2      | Found a faded altar of an unknown god.
  1261 | D:2      | Slain by a gnoll

Illustrated notes

Levels and vault maps discovered:
D:1:      evilmike_arrival_hilbert_curve, layout_basic
D:2:      layout_basic, chequers_ecumenical_altar_grove

Skill      XL: |  1  2  3 |
---------------+----------+-----
Shapeshifting  | 4 |  4.5
Fighting       | |  1.0
Dodging        | |  1.5
Unarmed Combat | |  3.0

Action                     || total
---------------------------++-------
  Melee: Unarmed           ||    10
         Dagger            ||    34
         Punch             ||     3
Ability: Spit Poison       ||    37
    Use: Scroll            ||     4
         Potion            ||     2
 Armour: Animal skin       ||    28
         Skin              ||    36
  Dodge: Dodged            ||    35

Table legend: (Time is in decaauts)
 A = Elapsed time spent in this place.
 B = Non-inter-level travel time spent in this place.
 C = Inter-level travel time spent in this place.
 D = Time resting spent in this place.
 E = Time spent auto-exploring this place.
 F = Levels seen in this place.
 G = Mean time per level.
                   A        B        C        D        E       F      G
               +--------+--------+--------+--------+--------+-----+--------+
         Total |   1632 |   1622 |     10 |     99 |   1230 |   2 |  816.0 |
       Dungeon |   1632 |   1622 |     10 |     99 |   1230 |   2 |  816.0 |
               +--------+--------+--------+--------+--------+-----+--------+

Top non-repeatable levels by time:
     D:1: 992 daAuts
     D:2: 639 daAuts
